2824 views
Uploaded 2019-12-28 13:19:41
Game version 1.32.0.4
49:43 long 2on2 ladder game on (4)PhantomGrove_LV
Saved by BEARAND
2824 views
Uploaded 2019-12-28 13:19:41
Game version 1.32.0.4
49:43 long 2on2 ladder game on (4)PhantomGrove_LV


97 units @ 16.4k
/ 2.5k
65 buildings @ 9.3k
/ 4.8k


| Healing Salve | 3 | 300 |
| Lesser Clarity Potion | 4 | 280 |
| Potion of Healing | 4 | 600 |
| Orb of Lightning | 1 | 375 |
| Scroll of Healing | 2 | 500 |
| Dust of Appearance | 1 | 75 |
| Potion of Lesser Invulnerability | 1 | 150 |
| total: | 16 | 2280g |
| Peon | 12 | 900 | / | 0 |
| Grunt | 5 | 1000 | / | 0 |
| Demolisher | 6 | 1320 | / | 300 |
| Kodo Beast | 2 | 510 | / | 120 |
| Raider | 2 | 360 | / | 80 |
| Spirit Walker | 4 | 780 | / | 140 |
| Wind Rider | 16 | 4240 | / | 640 |
| Tauren | 5 | 1400 | / | 400 |
| Troll Witch Doctor | 3 | 435 | / | 75 |
| Shaman | 2 | 260 | / | 40 |
| Gnoll Brute | 1 | 215 | / | 20 |
| Gnoll Warden | 1 | 215 | / | 20 |
| total: | 59 | 11635g | / | 1835w |
| Watch Tower | 22 | 2420 | / | 1760 |
| Altar of Storms | 1 | 180 | / | 50 |
| Orc Burrow | 6 | 960 | / | 240 |
| Barracks | 1 | 180 | / | 50 |
| Voodoo Lounge | 1 | 130 | / | 30 |
| War Mill | 1 | 205 | / | 0 |
| Great Hall | 4 | 1540 | / | 740 |
| Beastiary | 1 | 145 | / | 140 |
| Tauren Totem | 1 | 135 | / | 155 |
| Spirit Lodge | 1 | 150 | / | 150 |
| Stronghold | 2 | 630 | / | 380 |
| Fortress | 1 | 325 | / | 190 |
| total: | 39 | 6045g | / | 3315w |
| 0:04 | Peon |
| 0:04 | Peon |
| 0:10 | Altar of Storms |
| 0:18 | Orc Burrow |
| 0:29 | Barracks |
| 0:36 | Peon |
| 0:44 | Peon |
| 1:01 | Peon |
| 1:21 | Peon |
| 1:36 | Orc Burrow |
| 1:44 | Grunt |
| 1:55 | Voodoo Lounge |
| 2:01 | Peon |
| 2:19 | Wind Walk |
| 2:26 | Grunt |
| 2:39 | Grunt |
| 2:51 | Stronghold |
| 3:38 | Grunt |
| 3:44 | Orc Burrow |
| 4:17 | War Mill |
| 4:54 | Healing Salve |
| 4:54 | Lesser Clarity Potion |
| 5:05 | Grunt |
| 5:30 | Beastiary |
| 5:50 | Demolisher |
| 6:03 | Orc Burrow |
| 6:30 | Critical Strike |
| 6:37 | Kodo Beast |
| 6:48 | Healing Salve |
| 7:07 | Demolisher |
| 7:07 | Berserker Strength |
| 7:12 | Ensnare |
| 7:20 | Healing Wave |
| 7:32 | Steel Armor |
| 7:34 | Raider |
| 7:44 | Gnoll Brute |
| 7:44 | Gnoll Warden |
| 8:28 | Tauren Totem |
| 9:45 | Raider |
| 9:46 | Kodo Beast |
| 9:48 | Spirit Walker Adept Training |
| 9:49 | Spirit Walker |
| 9:57 | Demolisher |
| 10:13 | Steel Melee Weapons |
| 10:21 | Potion of Healing |
| 10:22 | Lesser Clarity Potion |
| 11:29 | Orc Burrow |
| 11:31 | Fortress |
| 12:19 | Thorium Armor |
| 13:09 | Critical Strike |
| 14:09 | Burning Oil |
| 14:10 | Demolisher |
| 14:13 | Spirit Walker Master Training |
| 14:17 | Envenomed Spears |
| 14:19 | Wind Rider |
| 15:01 | Hex |
| 15:17 | Demolisher |
| 15:21 | Wind Rider |
| 15:21 | Wind Rider |
| 15:21 | Wind Rider |
| 15:22 | Wind Rider |
| 16:15 | Wind Rider |
| 16:18 | Steel Ranged Weapons |
| 16:49 | Healing Salve |
| 16:49 | Lesser Clarity Potion |
| 16:56 | Potion of Healing |
| 18:13 | Hex |
| 18:38 | Orc Burrow |
| 18:45 | Great Hall |
| 19:17 | Orb of Lightning |
| 19:17 | Potion of Healing |
| 19:32 | Demolisher |
| 19:39 | Thorium Ranged Weapons |
| 20:28 | Scroll of Healing |
| 21:44 | Wind Walk |
| 22:10 | Great Hall |
| 23:52 | Healing Wave |
| 28:13 | Watch Tower |
| 28:14 | Watch Tower |
| 28:15 | Watch Tower |
| 28:16 | Watch Tower |
| 28:22 | Wind Rider |
| 28:22 | Wind Rider |
| 28:49 | Peon |
| 28:50 | Peon |
| 29:38 | Watch Tower |
| 29:40 | Watch Tower |
| 29:57 | Wind Rider |
| 29:57 | Wind Rider |
| 30:28 | Reinforced Defenses |
| 30:52 | Wind Rider |
| 32:12 | Watch Tower |
| 32:14 | Watch Tower |
| 32:17 | Watch Tower |
| 32:32 | Watch Tower |
| 32:56 | Arcanite Ranged Weapons |
| 33:34 | Potion of Healing |
| 33:35 | Lesser Clarity Potion |
| 34:27 | Wind Rider |
| 34:28 | Wind Rider |
| 35:16 | Wind Rider |
| 35:16 | Wind Rider |
| 36:03 | Scroll of Healing |
| 36:04 | Dust of Appearance |
| 36:16 | Potion of Lesser Invulnerability |
| 37:26 | Wind Rider |
| 38:17 | Pulverize |
| 38:45 | Great Hall |
| 38:57 | Tauren |
| 39:13 | Tauren |
| 39:54 | Tauren |
| 40:09 | Spirit Lodge |
| 40:44 | Thorium Melee Weapons |
| 40:53 | Spirit Walker |
| 41:23 | Witch Doctor Adept Training |
| 41:24 | Troll Witch Doctor |
| 41:25 | Troll Witch Doctor |
| 41:33 | Spirit Walker |
| 42:14 | Great Hall |
| 42:52 | Watch Tower |
| 42:54 | Watch Tower |
| 42:56 | Watch Tower |
| 43:00 | Spirit Walker |
| 43:02 | Tauren |
| 43:40 | Witch Doctor Master Training |
| 44:58 | Watch Tower |
| 44:59 | Watch Tower |
| 45:03 | Shaman Adept Training |
| 45:35 | Watch Tower |
| 45:37 | Watch Tower |
| 45:58 | Tauren |
| 46:02 | Peon |
| 46:03 | Peon |
| 46:03 | Peon |
| 46:31 | Watch Tower |
| 46:33 | Watch Tower |
| 46:34 | Watch Tower |
| 46:36 | Watch Tower |
| 46:37 | Watch Tower |
| 47:25 | Shaman Master Training |
| 47:25 | Shaman |
| 49:12 | Shaman |
| 49:13 | Troll Witch Doctor |
| Right click | 1915 |
| Select group | 770 |
| Select | 525 |
| Misc. action | 301 |
| Build/train/purchase | 159 |
| Use ability | 83 |
| Assign group | 59 |
| Resource trade | 36 |
| Minimap ping | 6 |
| Esc | 3 |


| Lesser Clarity Potion | 2 | 140 |
| Scroll of Regeneration | 1 | 100 |
| Scroll of Healing | 1 | 250 |
| Scroll of Town Portal | 1 | 350 |
| Potion of Lesser Invulnerability | 1 | 150 |
| total: | 6 | 990g |
| Peasant | 16 | 1200 | / | 0 |
| Footman | 5 | 675 | / | 0 |
| Sorceress | 1 | 155 | / | 20 |
| Priest | 4 | 540 | / | 40 |
| Spell Breaker | 4 | 860 | / | 120 |
| Mortar Team | 2 | 360 | / | 140 |
| Siege Engine | 4 | 780 | / | 240 |
| Flying Machine | 2 | 200 | / | 60 |
| total: | 38 | 4770g | / | 620w |
| Scout Tower | 2 | 60 | / | 40 |
| Arcane Tower | 2 | 140 | / | 100 |
| Altar of Kings | 1 | 180 | / | 50 |
| Farm | 12 | 960 | / | 240 |
| Barracks | 1 | 160 | / | 60 |
| Arcane Vault | 3 | 390 | / | 90 |
| Blacksmith | 1 | 140 | / | 60 |
| Town Hall | 2 | 770 | / | 410 |
| Arcane Sanctum | 2 | 300 | / | 280 |
| Workshop | 2 | 280 | / | 280 |
| Keep | 1 | 320 | / | 210 |
| Castle | 1 | 360 | / | 210 |
| total: | 26 | 3240g | / | 1510w |
| 0:02 | Peasant |
| 0:02 | Peasant |
| 0:06 | Altar of Kings |
| 0:22 | Farm |
| 0:24 | Barracks |
| 0:40 | Peasant |
| 0:41 | Peasant |
| 0:57 | Farm |
| 1:02 | Peasant |
| 1:29 | Footman |
| 1:38 | Footman |
| 1:43 | Peasant |
| 1:59 | Footman |
| 2:00 | Peasant |
| 2:13 | Summon Water Elemental |
| 2:31 | Footman |
| 2:56 | Peasant |
| 2:57 | Peasant |
| 2:57 | Peasant |
| 3:39 | Scout Tower |
| 3:41 | Farm |
| 3:59 | Defend |
| 4:04 | Keep |
| 4:13 | Arcane Tower |
| 5:25 | Footman |
| 5:28 | Farm |
| 5:44 | Scout Tower |
| 5:51 | Arcane Vault |
| 5:53 | Arcane Vault |
| 6:31 | Arcane Tower |
| 6:48 | Brilliance Aura |
| 7:02 | Arcane Sanctum |
| 7:05 | Arcane Sanctum |
| 7:19 | Lesser Clarity Potion |
| 7:20 | Lesser Clarity Potion |
| 7:29 | Scroll of Regeneration |
| 7:40 | Storm Bolt |
| 8:49 | Sorceress |
| 8:50 | Priest |
| 8:58 | Farm |
| 8:59 | Farm |
| 9:45 | Bash |
| 10:07 | Summon Water Elemental |
| 10:14 | Spell Breaker |
| 10:18 | Farm |
| 10:25 | Farm |
| 11:24 | Blacksmith |
| 11:31 | Priest |
| 11:31 | Priest Adept Training |
| 13:23 | Spell Breaker |
| 13:24 | Spell Breaker |
| 13:36 | Farm |
| 13:40 | Arcane Vault |
| 13:42 | Workshop |
| 15:00 | Farm |
| 15:01 | Mortar Team |
| 15:02 | Mortar Team |
| 15:08 | Castle |
| 15:14 | Priest |
| 15:45 | Workshop |
| 16:34 | Town Hall |
| 16:41 | Scroll of Healing |
| 16:41 | Potion of Lesser Invulnerability |
| 16:58 | Storm Bolt |
| 17:03 | Black Gunpowder |
| 17:35 | Siege Engine |
| 17:46 | Peasant |
| 17:47 | Peasant |
| 18:40 | Siege Engine |
| 19:05 | Siege Engine |
| 19:12 | Refined Gunpowder |
| 19:16 | Peasant |
| 19:16 | Peasant |
| 19:16 | Peasant |
| 19:16 | Peasant |
| 20:00 | Farm |
| 20:07 | Farm |
| 20:12 | Scroll of Town Portal |
| 21:46 | Siege Engine |
| 22:44 | Brilliance Aura |
| 22:50 | Imbued Gunpowder |
| 23:29 | Priest |
| 23:29 | Spell Breaker |
| 23:53 | Bash |
| 24:25 | Flying Machine |
| 24:25 | Flying Machine |
| 32:39 | Town Hall |
| Right click | 2808 |
| Select group | 1400 |
| Select | 950 |
| Misc. action | 261 |
| Build/train/purchase | 108 |
| Chat | 54 |
| Use ability | 53 |
| Assign group | 40 |
| Resource trade | 12 |
| Esc | 5 |
| Remove unit | 2 |
| Minimap ping | 1 |
66 units @ 6.1k
/ 0.4k
303 buildings @ 18.8k
/ 10.6k


x1)
| Healing Salve | 4 | 400 |
| Orb of Lightning | 1 | 375 |
| Lesser Clarity Potion | 1 | 70 |
| Boots of Speed | 2 | 500 |
| Staff of Teleportation | 2 | 300 |
| Tome of Retraining | 1 | 300 |
| Scroll of Regeneration | 1 | 100 |
| Staff of Sanctuary | 2 | 500 |
| Orb of Fire | 1 | 325 |
| total: | 15 | 2870g |
| Peon | 32 | 2400 | / | 0 |
| Troll Batrider | 8 | 1280 | / | 320 |
| total: | 40 | 3680g | / | 320w |
| Watch Tower | 35 | 3850 | / | 2800 |
| Altar of Storms | 3 | 540 | / | 150 |
| Orc Burrow | 8 | 1280 | / | 320 |
| War Mill | 2 | 410 | / | 0 |
| Voodoo Lounge | 3 | 390 | / | 90 |
| Great Hall | 5 | 1925 | / | 925 |
| Beastiary | 4 | 580 | / | 560 |
| Stronghold | 2 | 630 | / | 380 |
| Fortress | 2 | 650 | / | 380 |
| total: | 60 | 8975g | / | 4845w |
| 0:03 | Peon |
| 0:03 | Peon |
| 0:12 | Altar of Storms |
| 0:20 | Orc Burrow |
| 0:22 | Peon |
| 0:39 | War Mill |
| 0:48 | Peon |
| 1:04 | Voodoo Lounge |
| 1:09 | Peon |
| 1:20 | Peon |
| 1:31 | Peon |
| 1:41 | Orc Burrow |
| 1:53 | Peon |
| 1:53 | Peon |
| 2:09 | Watch Tower |
| 2:12 | Wind Walk |
| 2:18 | Healing Salve |
| 2:23 | Peon |
| 2:35 | Watch Tower |
| 2:40 | Peon |
| 2:56 | Peon |
| 2:58 | Watch Tower |
| 3:21 | Peon |
| 3:24 | Watch Tower |
| 3:37 | Backpack |
| 3:40 | Peon |
| 3:44 | Watch Tower |
| 4:03 | Watch Tower |
| 4:12 | Watch Tower |
| 4:16 | Watch Tower |
| 4:31 | Watch Tower |
| 4:42 | Watch Tower |
| 4:43 | Stronghold |
| 5:19 | Watch Tower |
| 5:23 | Boots of Speed |
| 5:29 | Staff of Teleportation |
| 5:37 | Watch Tower |
| 5:49 | Watch Tower |
| 6:05 | Watch Tower |
| 6:13 | Watch Tower |
| 6:24 | Watch Tower |
| 6:54 | Watch Tower |
| 7:29 | Voodoo Lounge |
| 7:41 | Peon |
| 7:41 | Peon |
| 8:06 | Spiked Barricades |
| 8:10 | Hex |
| 8:20 | Great Hall |
| 8:30 | Watch Tower |
| 8:57 | Critical Strike |
| 9:10 | Reinforced Defenses |
| 9:42 | Watch Tower |
| 9:54 | Watch Tower |
| 10:01 | Beastiary |
| 10:03 | Fortress |
| 10:13 | Improved Spiked Barricades |
| 10:21 | Healing Salve |
| 10:45 | Watch Tower |
| 10:52 | Peon |
| 10:52 | Peon |
| 10:52 | Peon |
| 10:52 | Peon |
| 11:00 | Watch Tower |
| 11:23 | Beastiary |
| 11:46 | Boots of Speed |
| 11:46 | Staff of Teleportation |
| 11:52 | Tome of Retraining |
| 11:52 | Retrain Hero |
| 12:08 | Watch Tower |
| 12:27 | Liquid Fire |
| 12:29 | Troll Batrider |
| 12:31 | Orc Burrow |
| 12:43 | Watch Tower |
| 12:46 | Troll Batrider |
| 12:48 | Steel Ranged Weapons |
| 13:13 | Scroll of Regeneration |
| 13:16 | Watch Tower |
| 13:24 | Troll Batrider |
| 13:30 | Troll Batrider |
| 13:53 | Watch Tower |
| 13:57 | Troll Batrider |
| 14:08 | Thorium Ranged Weapons |
| 14:24 | Staff of Sanctuary |
| 14:33 | Watch Tower |
| 14:57 | Watch Tower |
| 15:19 | Troll Batrider |
| 15:41 | Watch Tower |
| 16:06 | Watch Tower |
| 16:53 | Watch Tower |
| 17:07 | Voodoo Lounge |
| 17:13 | Healing Wave |
| 17:28 | Arcanite Ranged Weapons |
| 17:29 | Steel Armor |
| 18:14 | Wind Walk |
| 18:34 | Altar of Storms |
| 18:45 | Watch Tower |
| 18:55 | Orb of Lightning |
| 21:45 | Healing Salve |
| 21:52 | Orc Burrow |
| 22:13 | Watch Tower |
| 22:16 | Watch Tower |
| 22:28 | Watch Tower |
| 25:55 | Altar of Storms |
| 25:58 | Orc Burrow |
| 26:03 | Orc Burrow |
| 27:20 | Critical Strike |
| 28:12 | Great Hall |
| 29:34 | Great Hall |
| 31:32 | Healing Wave |
| 31:57 | Healing Salve |
| 32:07 | Orb of Fire |
| 32:08 | Staff of Sanctuary |
| 32:14 | Peon |
| 32:14 | Peon |
| 32:14 | Peon |
| 32:14 | Peon |
| 32:33 | Great Hall |
| 35:16 | Critical Strike |
| 35:20 | Peon |
| 35:20 | Peon |
| 35:20 | Peon |
| 35:20 | Peon |
| 36:37 | Orc Burrow |
| 36:41 | Orc Burrow |
| 36:46 | Stronghold |
| 39:11 | Beastiary |
| 39:12 | Beastiary |
| 40:48 | Fortress |
| 41:57 | War Mill |
| 42:01 | Troll Batrider |
| 42:01 | Troll Batrider |
| 42:55 | Hex |
| 43:30 | Great Hall |
| 44:29 | Bladestorm |
| 45:56 | Lesser Clarity Potion |
| 49:25 | Peon |
| 49:25 | Peon |
| 49:26 | Peon |
| 49:26 | Peon |
| Right click | 3436 |
| Select | 815 |
| Select group | 494 |
| Misc. action | 189 |
| Build/train/purchase | 146 |
| Use ability | 93 |
| Item give/drop | 9 |
| Esc | 8 |
| Assign group | 6 |
| Resource trade | 5 |
| Remove unit | 3 |
| Minimap ping | 3 |
BEARAND
(49:42) : 


| Lesser Clarity Potion | 3 | 210 |
| Potion of Healing | 2 | 300 |
| Staff of Sanctuary | 3 | 750 |
| Orb of Fire | 1 | 325 |
| Potion of Mana | 1 | 200 |
| Scroll of Town Portal | 1 | 350 |
| Boots of Speed | 3 | 750 |
| Staff of Teleportation | 3 | 450 |
| Healing Salve | 1 | 100 |
| Orb of Lightning | 2 | 750 |
| total: | 20 | 4185g |
| Peasant | 21 | 1575 | / | 0 |
| Priest | 1 | 135 | / | 10 |
| Sorceress | 1 | 155 | / | 20 |
| Dragonhawk Rider | 3 | 600 | / | 90 |
| total: | 26 | 2465g | / | 120w |
| Scout Tower | 224 | 6720 | / | 4480 |
| Arcane Tower | 15 | 1050 | / | 750 |
| Guard Tower | 92 | 6440 | / | 4600 |
| Altar of Kings | 1 | 180 | / | 50 |
| Farm | 5 | 400 | / | 100 |
| Lumber Mill | 3 | 360 | / | 0 |
| Town Hall | 3 | 1155 | / | 615 |
| Arcane Vault | 3 | 390 | / | 90 |
| Blacksmith | 1 | 140 | / | 60 |
| Barracks | 1 | 160 | / | 60 |
| Arcane Sanctum | 1 | 150 | / | 140 |
| Gryphon Aviary | 1 | 140 | / | 150 |
| Keep | 2 | 640 | / | 420 |
| Castle | 2 | 720 | / | 420 |
| total: | 243 | 9795g | / | 5745w |
| 0:02 | Peasant |
| 0:02 | Peasant |
| 0:07 | Altar of Kings |
| 0:18 | Farm |
| 0:22 | Peasant |
| 0:28 | Peasant |
| 0:36 | Peasant |
| 0:39 | Scout Tower |
| 0:42 | Farm |
| 0:51 | Peasant |
| 1:13 | Peasant |
| 1:22 | Lumber Mill |
| 1:32 | Peasant |
| 1:35 | Arcane Tower |
| 1:38 | Scout Tower |
| 1:39 | Scout Tower |
| 1:40 | Peasant |
| 1:55 | Peasant |
| 2:00 | Peasant |
| 2:06 | Summon Water Elemental |
| 2:27 | Peasant |
| 2:27 | Peasant |
| 2:28 | Guard Tower |
| 2:39 | Guard Tower |
| 2:40 | Scout Tower |
| 2:41 | Peasant |
| 3:10 | Guard Tower |
| 3:11 | Scout Tower |
| 3:12 | Scout Tower |
| 3:31 | Peasant |
| 3:55 | Guard Tower |
| 3:55 | Keep |
| 4:06 | Guard Tower |
| 4:07 | Scout Tower |
| 4:11 | Farm |
| 4:11 | Farm |
| 4:29 | Improved Masonry |
| 4:41 | Guard Tower |
| 4:44 | Scout Tower |
| 4:44 | Scout Tower |
| 4:45 | Scout Tower |
| 4:45 | Scout Tower |
| 4:52 | Boots of Speed |
| 4:52 | Staff of Teleportation |
| 5:08 | Lesser Clarity Potion |
| 5:09 | Healing Salve |
| 5:40 | Guard Tower |
| 6:12 | Brilliance Aura |
| 6:28 | Town Hall |
| 6:32 | Scout Tower |
| 6:32 | Scout Tower |
| 6:33 | Scout Tower |
| 6:33 | Scout Tower |
| 6:34 | Scout Tower |
| 6:34 | Scout Tower |
| 6:35 | Scout Tower |
| 6:35 | Scout Tower |
| 6:35 | Scout Tower |
| 6:36 | Scout Tower |
| 7:13 | Arcane Tower |
| 7:14 | Guard Tower |
| 7:22 | Guard Tower |
| 7:34 | Guard Tower |
| 7:36 | Guard Tower |
| 7:48 | Guard Tower |
| 8:01 | Storm Bolt |
| 8:05 | Guard Tower |
| 8:06 | Guard Tower |
| 8:23 | Arcane Sanctum |
| 8:31 | Guard Tower |
| 9:29 | Peasant |
| 9:29 | Peasant |
| 9:30 | Peasant |
| 9:30 | Peasant |
| 9:30 | Peasant |
| 9:32 | Castle |
| 9:40 | Advanced Masonry |
| 9:40 | Improved Lumber Harvesting |
| 9:42 | Guard Tower |
| 10:05 | Arcane Vault |
| 10:08 | Arcane Vault |
| 10:10 | Scout Tower |
| 10:11 | Scout Tower |
| 10:11 | Scout Tower |
| 10:11 | Scout Tower |
| 10:12 | Scout Tower |
| 10:14 | Scout Tower |
| 10:15 | Scout Tower |
| 10:27 | Arcane Vault |
| 10:40 | Magic Sentry |
| 10:55 | Scout Tower |
| 10:55 | Scout Tower |
| 10:56 | Scout Tower |
| 10:56 | Scout Tower |
| 11:11 | Guard Tower |
| 11:20 | Guard Tower |
| 11:33 | Scout Tower |
| 11:39 | Guard Tower |
| 11:40 | Priest |
| 11:45 | Lesser Clarity Potion |
| 11:45 | Potion of Healing |
| 12:13 | Guard Tower |
| 12:22 | Staff of Sanctuary |
| 12:22 | Orb of Fire |
| 12:26 | Blizzard |
| 12:26 | Brilliance Aura |
| 12:40 | Guard Tower |
| 12:43 | Scout Tower |
| 12:44 | Scout Tower |
| 13:01 | Guard Tower |
| 13:10 | Guard Tower |
| 13:16 | Holy Light |
| 13:25 | Potion of Mana |
| 13:57 | Scout Tower |
| 14:02 | Bash |
| 14:07 | Scout Tower |
| 14:09 | Arcane Tower |
| 14:09 | Arcane Tower |
| 14:10 | Guard Tower |
| 14:10 | Guard Tower |
| 14:13 | Scout Tower |
| 14:13 | Scout Tower |
| 14:17 | Scout Tower |
| 14:18 | Scout Tower |
| 14:19 | Scout Tower |
| 14:19 | Scout Tower |
| 14:20 | Scout Tower |
| 15:08 | Sorceress |
| 15:08 | Sorceress Adept Training |
| 15:09 | Priest Adept Training |
| 15:10 | Guard Tower |
| 15:13 | Scout Tower |
| 15:15 | Scout Tower |
| 15:16 | Scout Tower |
| 15:17 | Scout Tower |
| 15:24 | Staff of Sanctuary |
| 15:37 | Lesser Clarity Potion |
| 15:44 | Guard Tower |
| 15:46 | Guard Tower |
| 15:46 | Guard Tower |
| 15:51 | Scout Tower |
| 15:51 | Scout Tower |
| 15:51 | Scout Tower |
| 15:52 | Scout Tower |
| 16:11 | Guard Tower |
| 16:14 | Farm |
| 16:15 | Imbued Masonry |
| 16:16 | Advanced Lumber Harvesting |
| 16:33 | Boots of Speed |
| 16:35 | Staff of Teleportation |
| 16:39 | Blizzard |
| 16:52 | Guard Tower |
| 16:54 | Scout Tower |
| 16:54 | Scout Tower |
| 17:23 | Arcane Tower |
| 17:28 | Guard Tower |
| 17:30 | Peasant |
| 18:29 | Staff of Sanctuary |
| 18:32 | Guard Tower |
| 18:37 | Town Hall |
| 19:15 | Orb of Lightning |
| 19:32 | Scout Tower |
| 19:32 | Scout Tower |
| 19:33 | Scout Tower |
| 19:34 | Scout Tower |
| 19:34 | Scout Tower |
| 19:57 | Divine Shield |
| 20:07 | Guard Tower |
| 20:09 | Arcane Tower |
| 21:22 | Staff of Teleportation |
| 21:40 | Guard Tower |
| 21:44 | Guard Tower |
| 21:46 | Gryphon Aviary |
| 21:47 | Blacksmith |
| 21:51 | Guard Tower |
| 21:52 | Scout Tower |
| 21:53 | Scout Tower |
| 21:53 | Scout Tower |
| 21:54 | Scout Tower |
| 21:57 | Scout Tower |
| 21:57 | Scout Tower |
| 21:57 | Scout Tower |
| 21:58 | Scout Tower |
| 22:46 | Orb of Lightning |
| 22:47 | Scroll of Town Portal |
| 22:47 | Potion of Healing |
| 23:03 | Boots of Speed |
| 23:52 | Guard Tower |
| 24:18 | Scout Tower |
| 24:18 | Scout Tower |
| 24:19 | Scout Tower |
| 24:19 | Scout Tower |
| 24:48 | Scout Tower |
| 24:49 | Scout Tower |
| 24:50 | Scout Tower |
| 24:50 | Scout Tower |
| 24:50 | Scout Tower |
| 24:51 | Scout Tower |
| 24:51 | Scout Tower |
| 24:52 | Scout Tower |
| 24:53 | Scout Tower |
| 24:54 | Scout Tower |
| 24:54 | Scout Tower |
| 24:55 | Scout Tower |
| 24:57 | Scout Tower |
| 24:57 | Scout Tower |
| 25:01 | Dragonhawk Rider |
| 25:02 | Barracks |
| 25:03 | Studded Leather Armor |
| 25:05 | Dragonhawk Rider |
| 26:17 | Guard Tower |
| 26:18 | Scout Tower |
| 26:19 | Scout Tower |
| 26:19 | Scout Tower |
| 26:19 | Scout Tower |
| 26:20 | Scout Tower |
| 26:21 | Scout Tower |
| 26:23 | Animal War Training |
| 26:24 | Scout Tower |
| 26:25 | Scout Tower |
| 26:25 | Scout Tower |
| 26:26 | Scout Tower |
| 26:26 | Scout Tower |
| 26:27 | Scout Tower |
| 26:28 | Storm Bolt |
| 26:50 | Dragonhawk Rider |
| 26:50 | Cloud |
| 28:17 | Holy Light |
| 28:17 | Holy Light |
| 28:21 | Brilliance Aura |
| 28:48 | Guard Tower |
| 29:24 | Guard Tower |
| 30:20 | Scout Tower |
| 30:20 | Scout Tower |
| 30:21 | Scout Tower |
| 30:21 | Scout Tower |
| 30:22 | Scout Tower |
| 30:23 | Scout Tower |
| 30:23 | Scout Tower |
| 30:23 | Scout Tower |
| 30:25 | Scout Tower |
| 30:25 | Scout Tower |
| 30:25 | Scout Tower |
| 30:26 | Scout Tower |
| 30:26 | Scout Tower |
| 30:27 | Scout Tower |
| 30:27 | Scout Tower |
| 30:28 | Scout Tower |
| 30:34 | Reinforced Leather Armor |
| 31:43 | Guard Tower |
| 31:55 | Arcane Tower |
| 32:50 | Guard Tower |
| 32:53 | Scout Tower |
| 32:53 | Scout Tower |
| 32:54 | Scout Tower |
| 32:54 | Scout Tower |
| 32:55 | Scout Tower |
| 32:56 | Scout Tower |
| 32:56 | Scout Tower |
| 32:57 | Scout Tower |
| 33:11 | Scout Tower |
| 33:11 | Scout Tower |
| 33:12 | Scout Tower |
| 33:12 | Scout Tower |
| 33:13 | Scout Tower |
| 33:13 | Scout Tower |
| 33:14 | Scout Tower |
| 33:14 | Scout Tower |
| 33:30 | Arcane Tower |
| 33:30 | Guard Tower |
| 33:30 | Guard Tower |
| 33:31 | Arcane Tower |
| 33:33 | Scout Tower |
| 33:34 | Scout Tower |
| 33:36 | Scout Tower |
| 33:37 | Scout Tower |
| 34:08 | Arcane Tower |
| 34:09 | Guard Tower |
| 34:34 | Guard Tower |
| 34:37 | Guard Tower |
| 34:46 | Bash |
| 35:15 | Divine Shield |
| 36:08 | Arcane Tower |
| 36:08 | Guard Tower |
| 36:10 | Scout Tower |
| 36:11 | Scout Tower |
| 36:12 | Scout Tower |
| 36:24 | Arcane Tower |
| 36:24 | Arcane Tower |
| 36:25 | Arcane Tower |
| 36:26 | Guard Tower |
| 38:00 | Scout Tower |
| 38:01 | Scout Tower |
| 38:01 | Scout Tower |
| 38:02 | Scout Tower |
| 38:02 | Scout Tower |
| 38:02 | Scout Tower |
| 38:03 | Scout Tower |
| 38:03 | Scout Tower |
| 38:04 | Scout Tower |
| 38:04 | Scout Tower |
| 38:05 | Scout Tower |
| 38:05 | Scout Tower |
| 38:06 | Scout Tower |
| 38:06 | Scout Tower |
| 38:07 | Scout Tower |
| 38:07 | Scout Tower |
| 38:07 | Scout Tower |
| 38:08 | Scout Tower |
| 38:08 | Scout Tower |
| 38:09 | Scout Tower |
| 38:10 | Scout Tower |
| 38:11 | Scout Tower |
| 38:11 | Scout Tower |
| 38:19 | Guard Tower |
| 38:42 | Guard Tower |
| 38:42 | Guard Tower |
| 38:46 | Guard Tower |
| 38:52 | Lumber Mill |
| 38:56 | Lumber Mill |
| 39:04 | Scout Tower |
| 39:08 | Guard Tower |
| 39:22 | Guard Tower |
| 39:52 | Guard Tower |
| 40:28 | Guard Tower |
| 40:29 | Scout Tower |
| 40:30 | Scout Tower |
| 40:31 | Scout Tower |
| 40:59 | Scout Tower |
| 40:59 | Scout Tower |
| 41:00 | Scout Tower |
| 41:00 | Scout Tower |
| 41:01 | Scout Tower |
| 41:02 | Scout Tower |
| 41:02 | Scout Tower |
| 41:03 | Scout Tower |
| 41:03 | Scout Tower |
| 41:32 | Guard Tower |
| 42:31 | Scout Tower |
| 42:32 | Guard Tower |
| 42:39 | Brilliance Aura |
| 43:14 | Town Hall |
| 43:19 | Scout Tower |
| 43:20 | Scout Tower |
| 43:20 | Scout Tower |
| 43:21 | Scout Tower |
| 43:21 | Scout Tower |
| 43:22 | Scout Tower |
| 43:22 | Scout Tower |
| 43:23 | Scout Tower |
| 43:24 | Scout Tower |
| 43:24 | Scout Tower |
| 43:25 | Scout Tower |
| 43:25 | Scout Tower |
| 43:26 | Scout Tower |
| 43:26 | Scout Tower |
| 43:27 | Scout Tower |
| 43:27 | Scout Tower |
| 43:29 | Scout Tower |
| 43:29 | Scout Tower |
| 43:30 | Scout Tower |
| 43:30 | Scout Tower |
| 43:31 | Scout Tower |
| 43:32 | Scout Tower |
| 43:33 | Scout Tower |
| 43:34 | Scout Tower |
| 43:35 | Scout Tower |
| 43:35 | Scout Tower |
| 43:36 | Scout Tower |
| 43:36 | Scout Tower |
| 43:38 | Scout Tower |
| 43:38 | Scout Tower |
| 43:39 | Scout Tower |
| 43:40 | Scout Tower |
| 43:40 | Scout Tower |
| 43:48 | Guard Tower |
| 43:50 | Guard Tower |
| 43:53 | Scout Tower |
| 43:53 | Scout Tower |
| 43:54 | Scout Tower |
| 43:54 | Scout Tower |
| 43:55 | Scout Tower |
| 43:55 | Scout Tower |
| 43:56 | Scout Tower |
| 43:57 | Scout Tower |
| 44:54 | Guard Tower |
| 45:20 | Guard Tower |
| 45:23 | Guard Tower |
| 45:49 | Storm Bolt |
| 45:52 | Guard Tower |
| 45:55 | Guard Tower |
| 45:57 | Scout Tower |
| 45:57 | Scout Tower |
| 45:57 | Scout Tower |
| 45:58 | Scout Tower |
| 45:59 | Scout Tower |
| 45:59 | Scout Tower |
| 45:59 | Scout Tower |
| 46:00 | Scout Tower |
| 46:00 | Scout Tower |
| 46:01 | Scout Tower |
| 46:03 | Guard Tower |
| 46:25 | Guard Tower |
| 46:26 | Guard Tower |
| 49:24 | Guard Tower |
| Right click | 3800 |
| Select | 1074 |
| Select group | 823 |
| Build/train/purchase | 312 |
| Use ability | 177 |
| Chat | 123 |
| Misc. action | 27 |
| Minimap ping | 27 |
| Assign group | 25 |
| Item give/drop | 19 |
| Resource trade | 7 |
| Remove unit | 1 |